 Dungeon Crawl Stone Soup version 0.27-a0-333-gfa571bf19a (webtiles) character file.

Game seed: 3864171532283143567

1471433 hittemvvvvvhard the Hoplite (level 27, 238/254 HPs)
             Began as a Grey Draconian Artificer on Feb 11, 2021.
             Was a High Priest of Trog.
             Escaped with the Orb
             ... and 3 runes on Feb 12, 2021!
             The game lasted 03:49:31 (103457 turns).

hittemvvvvvhard the Hoplite (DrAr)                Turns: 103457, Time: 03:49:31

Health: 238/254    AC: 29    Str: 13    XL:     27
Magic:  14/14      EV: 62    Int: 15    God:    Trog [*****.]
Gold:   4254       SH: 39    Dex: 44    Spells: 26/26 levels left

rFire    + . .     SeeInvis .   a - +18 lance "Wyrmbane" {slay drac, rPois rF+ rC+ AC+3}
rCold    + . .     Faith    .   G - +8 tower shield
rNeg     + + .     Spirit   .   (armour unavailable)
rPois    +         Reflect  +   (helmet restricted)
rElec    +         Harm     .   b - +1 cloak of Starlight {*Dazzle EV+4 Stlth--}
rCorr    .         Rampage  .   g - +2 pair of gloves {Stlth+}
Will     +++++                  z - +2 pair of boots
Stlth    +.........             x - amulet "Gaziug" {Reflect rElec Int-3 Dex+8 SH+5 Stlth-}
HPRegen  1.52/turn              v - ring of Joapufud {Will+ Dex+6 Stlth+, =R}
MPRegen  0.14/turn              q - ring of Xiel {rN++ MP-9 Int+4 Dex+6 Stlth+}

@: regenerating, studying 4 skills
A: walk through water, unfitting armour, claws 1, agile 1, sense surroundings 1,
weak 1, wild magic 1, unbreathing, evolution 1, cold-blooded, AC +18
0: Orb of Zot
}: 3/15 runes: decaying, serpentine, slimy
a: Renounce Religion, Berserk, Trog's Hand, Brothers in Arms


You escaped.
You worshipped Trog.
Trog was extremely pleased with you.
You visited 11 branches of the dungeon, and saw 56 of its levels.
You visited the Abyss 1 time.
You visited 2 bazaars.
You also visited: Bailey and Ice Cave.

You collected 10977 gold pieces.
You spent 6723 gold pieces at shops.

Inventory:

Hand Weapons
 a - the +18 lance "Wyrmbane" (weapon) {slay drac, rPois rF+ rC+ AC+3}
   (You found it on level 6 of the Lair of Beasts)

   It affects your AC (+3).
   It protects you from fire.
   It protects you from cold.
   It protects you from poison.
Missiles
 m - 17 curare-tipped darts
 o - 13 boomerangs
 E - 5 throwing nets {=f}
 K - 62 poisoned darts (quivered)
 W - 2 silver javelins
Armour
 b - the +1 cloak of Starlight (worn) {*Dazzle EV+4 Stlth--}
   (You bought it in a shop in a bazaar)

   It affects your evasion (+4).
   It makes you much less stealthy.
 g - a +2 pair of gloves of stealth (worn)
 z - a +2 pair of boots (worn)
 G - a +8 tower shield (worn)
Jewellery
 q - the ring of Xiel (right hand) {rN++ MP-9 Int+4 Dex+6 Stlth+}
   (You bought it in a shop on level 5 of the Dungeon)

   [ring of dexterity]

   It affects your intelligence (+4).
   It affects your dexterity (+6).
   It greatly protects you from negative energy.
   It affects your magic capacity (-9).
   It makes you more stealthy.
 v - the ring of Joapufud (left hand) {Will+ Dex+6 Stlth+, =R}
   (You bought it in a shop on level 4 of the Snake Pit)

   [ring of dexterity]

   It affects your dexterity (+6).
   It affects your willpower, your defense against some magical effects.
   It makes you more stealthy.
 x - the amulet "Gaziug" (around neck) {Reflect rElec Int-3 Dex+8 SH+5 Stlth-}
   (You found it on level 4 of the Vaults)

   [amulet of reflection]

   It shields you and reflects attacks.
   It affects your intelligence (-3).
   It affects your dexterity (+8).
   It insulates you from electricity.
   It affects your SH (+5).
   It makes you less stealthy.
 F - a ring of protection from fire
 N - a ring of positive energy {rN+}
 S - a ring of see invisible
Wands
 c - a wand of charming (26)
 f - a wand of flame (55)
 A - a wand of iceblast (31)
 D - a wand of digging (25)
 I - a wand of mindburst (37)
 M - a wand of paralysis (20)
 O - a wand of polymorph (24)
 P - a wand of acid (35)
Scrolls
 d - 5 scrolls of fear
 i - 8 scrolls of identify
 r - a scroll of magic mapping {!r}
 t - 18 scrolls of teleportation
 u - 7 scrolls of summoning
 y - 12 scrolls of fog
 L - 2 scrolls of torment {!r}
 U - 4 scrolls of blinking {!r}
 X - a scroll of holy word {!r}
 Z - 3 scrolls of silence
Potions
 e - 11 potions of flight
 h - 4 potions of haste
 k - 3 potions of resistance
 l - 29 potions of curing
 n - 2 potions of magic
 p - 14 potions of lignification {!q}
 w - 6 potions of might
 C - a potion of invisibility
 H - 8 potions of attraction {!q}
 J - a potion of ambrosia
 R - 6 potions of cancellation
 T - 11 potions of heal wounds
 V - 5 potions of mutation {!q}
Miscellaneous
 j - a phantom mirror
 s - a condenser vane
 B - a box of beasts
 Q - a tin of tremorstones (2/2)
 Y - a phial of floods


   Skills:
 - Level 22.1 Fighting
 - Level 10.0 Short Blades
 - Level 15.0 Polearms
 - Level 9.5 Throwing
 - Level 21.3 Dodging
 - Level 0.8 Stealth
 - Level 25.0 Shields
 + Level 24.3 Evocations


You had 26 spell levels left.
You didn't know any spells.
Your spell library contained the following spells:

 Spells                   Type           Power        Failure   Level
 Beastly Appendage        Tmut           0%           34%         1
 Corona                   Hex            0%           34%         1
 Corpse Rot               Necr/Air       N/A          47%         2
 Passwall                 Tmut/Erth      0%           47%         2
 Poisonous Vapours        Pois/Air       0%           47%         2
 Wereblood                Tmut           0%           47%         2
 Ignite Poison            Fire/Tmut/Pois 0%           71%         3
 Inner Flame              Hex/Fire       0%           71%         3
 Mephitic Cloud           Conj/Pois/Air  0%           71%         3
 Tukima's Dance           Hex            0%           71%         3
 Alistair's Intoxication  Tmut/Pois      0%           100%        5
 Blade Hands              Tmut           0%           100%        5
 Summon Mana Viper        Hex/Summ       0%           100%        5
 Hydra Form               Tmut           0%           100%        6
 Dragon Form              Tmut           0%           100%        7
 Tornado                  Air            0%           100%        9


Dungeon Overview and Level Annotations

Branches:
Dungeon (15/15)            Temple (0/1) D:5            Lair (6/6) D:10
  Swamp (4/4) Lair:3        Snake (4/4) Lair:3        Slime (5/5) Lair:5
    Orc (2/2) D:10            Elf (3/3) Orc:2        Vaults (4/5) D:13
  Crypt (3/3) Vaults:2       Tomb (0/3) Crypt:3      Depths (5/5) D:15
    Zot (5/5) Depths:5     Bailey (visited)           IceCv (visited)

Altars:
Ashenzari
Cheibriados
Gozag
Kikubaaqudgha
Makhleb
Nemelex Xobeh
Qazlal
Sif Muna
Trog
Uskayaw
Wu Jian
Xom
Yredelemnul
The Shining One
Beogh
Jiyva

Shops:
D:5 ((=   D:7 =*   D:10 ?   D:11 **   D:12 *   Orc:2 [*[:   Elf:1 ([=!
Elf:2 [   Snake:4 :=:

Portals:
Hell: Depths:1 Depths:2 Depths:3 Depths:4 Depths:5
Abyss: D:12 Snake:2 Depths:1 Depths:4
Pandemonium: Depths:1 Depths:3 Depths:5
Ziggurat: Depths:3
Trove: D:12 (give 12 potions of heal wounds)

Annotations:
D:8 exclusion: upstairs
D:12 bmj180's ghost, journeyman DrCj
Snake:2 2 transporters, rigao's ghost, adept DgGl
Slime:5 5 exclusions
Depths:4 3 exclusions
Zot:3 1 runed translucent door, Jimaaf's ghost, adept DDFi
Zot:4 7 exclusions
Zot:5 exclusions: orb of fire and 5 more exclusions


Innate Abilities, Weirdness & Mutations

You can walk through water.
Your dull iron-grey scales are very hard. (AC +18)
You cannot fit into any form of body armour.
You can survive without breathing.
You are cold-blooded and may be slowed by cold attacks.
You have sharp fingernails.
You are agile. (Dex +2)
You passively map a small area around you.
You are weak. (Str -2)
Your spells are a little harder to cast, but a little more powerful.
You evolve.


Message History

You completely miss the angel. You puncture the angel!
You tail-slap the angel, but do no damage.
The angel completely misses you. You block the angel's attack.
You impale the angel!! You block the angel's attack. x2
You closely miss the angel. You tail-slap the angel.
The angel gestures.
The angel is healed somewhat.
You puncture the angel!
You tail-slap the angel, but do no damage.
You hit the angel but do no damage. You block the angel's attack. x2
You impale the angel!!
The angel gestures.
The angel is healed somewhat.
You closely miss the angel. You block the angel's attack. x2
You puncture the angel! You tail-slap the angel. You puncture the angel!
You kill the angel!
You swing at nothing.
You climb upwards.
There is a stone staircase leading down here.
You regained 3 hp, and now have 215/254 hp.
(D) Dungeon (T) Temple (L) Lair (S) Swamp (P) Snake Pit (M) Slime Pits (O) Orcish Mines (E) Elven Halls (V) Vaults (C) Crypt (W) Tomb (U) Depths (H) Hell (Z) Zot
Where to? (Enter - D:1 @ (x,y), ? - help) As you open the door, it creaks loudly!
There is an open door here.
A red devil, a pandemonium lord and a lich come into view.
You regained 17 hp, and now have 232/254 hp.
Unknown command.
Here: Wuor, armed with a draining touch The floor.
Unknown command.
The lich moves out of view.
You regained 2 hp, and now have 234/254 hp.
There is a staircase leading out of the dungeon here.
You regained 2 hp, and now have 237/254 hp.
You have escaped!

.# ##.......## ##..###.##
.###.........####X.##
##.#
...'.........'......#
#.##
.###....########&########
.# ##...#≈≈≈≈≈≈≈.≈≈≈≈≈≈≈#
## ##..#≈≈≈≈≈.....≈≈≈≈≈#
##.#≈≈....≈4≈....≈≈#
#.#≈...≈≈≈.≈≈≈...≈#
#.....≈≈≈.@..≈≈..≈#
###≈...≈≈≈.≈≈≈...≈#
###≈≈....≈≈≈....≈≈#
#######.#≈≈≈≈≈.....≈≈≈≈≈#
........#≈≈≈≈≈≈≈≈≈≈≈≈≈≈≈#
#######.#################
#..##.##.# #.###.##.#
#.....##.#

Skill      XL: |  1  2  3  4  5  6  7  8  9 10 11 12 13 14 15 16 17 18 19 20 21 22 23 24 25 26 27 |
---------------+----------------------------------------------------------------------------------+-----
Polearms       | 1 2 3 4 5 11 12 14 15 | 15.0
Fighting       | 2 3 4 5 7 9 11 12 13 14 15 16 17 18 20 21 22 | 22.1
Short Blades   | 1 2 3 4 6 9 10 | 10.0
Dodging        | 3 4 5 6 8 9 10 12 13 14 15 16 17 19 20 21 | 21.3
Evocations     | 5 8 9 10 11 13 14 15 17 18 19 24 | 24.3
Shields        | 6 9 10 13 14 15 17 19 20 23 24 25 | 25.0
Throwing       | 3 5 6 7 9 |  9.5
Stealth        | |  0.8

Notes
Turn   | Place    | Note
-------+----------+-------------------------------------------
     0 | D:1      | hittemvvvvvhard the Draconian Artificer began the quest for
                  | the Orb.
     0 | D:1      | Reached XP level 1. HP: 16/16 MP: 1/1
    96 | D:1      | Reached skill level 1 in Polearms
   244 | D:1      | Reached XP level 2. HP: 23/23 MP: 2/2
   579 | D:1      | Reached skill level 2 in Polearms
  1287 | D:2      | Reached XP level 3. HP: 25/28 MP: 3/3
  1527 | D:2      | Reached skill level 3 in Polearms
  2439 | D:3      | Found a stormy altar of Qazlal.
  2521 | D:3      | Reached XP level 4. HP: 34/35 MP: 4/4
  2825 | D:2      | Reached skill level 4 in Polearms
  2898 | D:3      | Found a faded altar of an unknown god.
  2900 | D:3      | Became a worshipper of Sif Muna the Loreminder
  2900 | D:3      | Reached * piety under Sif Muna
  3051 | D:3      | Noticed an ice beast
  3055 | D:3      | Killed an ice beast
  3056 | D:3      | Reached skill level 2 in Fighting
  3056 | D:3      | Reached skill level 1 in Short Blades
  3056 | D:3      | Reached XP level 5. HP: 42/42 MP: 5/5
  3070 | D:3      | Reached skill level 2 in Short Blades
  3276 | D:3      | Reached skill level 3 in Fighting
  3974 | D:4      | Reached XP level 6. HP: 46/51 MP: 6/6
  4204 | D:4      | Noticed Duvessa
  4204 | D:4      | Noticed Dowan
  4212 | D:4      | Killed Dowan
  4213 | D:4      | Reached skill level 3 in Short Blades
  4256 | D:4      | Killed Duvessa
  4256 | D:4      | Reached ** piety under Sif Muna
  4459 | D:4      | Reached skill level 4 in Fighting
  4588 | D:4      | Found a sparkling altar of Nemelex Xobeh.
  4749 | D:5      | Entered Level 5 of the Dungeon
  4987 | D:4      | Reached skill level 3 in Dodging
  4987 | D:4      | Your scales start taking on a dull iron-grey colour.
  4987 | D:4      | Reached XP level 7. HP: 59/59 MP: 7/7
  4987 | D:4      | Gained mutation: You can survive without breathing. [Grey
                  | Draconian growth]
  5027 | D:5      | Found Zobyshuu's Weapon Shoppe.
  5115 | D:5      | Reached skill level 4 in Short Blades
  6302 | D:5      | Reached skill level 5 in Fighting
  6407 | D:5      | Found a staircase to the Ecumenical Temple.
  6444 | D:5      | Reached skill level 4 in Dodging
  6500 | D:5      | Reached XP level 8. HP: 33/69 MP: 8/8
  6687 | D:5      | Found Jinnamag's Hydra Hut.
  6691 | D:5      | Noticed a five-headed hydra
  6854 | D:5      | Reached skill level 5 in Short Blades
  6874 | D:5      | Found a bloodstained altar of Trog.
  6899 | D:5      | Fell from the grace of Sif Muna
  6899 | D:5      | Became a worshipper of Trog the Wrathful
  7014 | D:5      | Found Nopruqis's Jewellery Boutique.
  7079 | D:6      | Reached skill level 6 in Fighting
  7365 | D:6      | Reached skill level 5 in Dodging
  7561 | D:6      | Reached skill level 6 in Short Blades
  7740 | D:6      | Found a broken altar of Ashenzari.
  7766 | D:6      | Got a twisted trident
  7827 | D:6      | Reached skill level 7 in Fighting
  8035 | D:6      | Found a burning altar of Makhleb.
  8058 | D:6      | Reached * piety under Trog
  8884 | D:7      | Reached XP level 9. HP: 79/79 MP: 9/9
  8958 | D:7      | Found Tidoliaj's Jewellery Boutique.
  8960 | D:7      | Found a transporter.
  8973 | D:7      | Noticed Philosophunculist's ghost (novice DENe)
  9194 | D:7      | Found Epry's Assorted Antiques.
  9198 | D:7      | Noticed Maggie
  9199 | D:7      | Identified the +3 trident "Cestrul" {vorpal, +Fly rPois
                  | Stlth+} (You found it on level 6 of the Dungeon)
  9229 | D:7      | Killed Maggie
  9230 | D:7      | Reached skill level 8 in Fighting
  9230 | D:7      | Reached skill level 7 in Short Blades
  9455 | D:7      | Noticed Menkaure
  9460 | D:7      | Killed Menkaure
  9559 | D:7      | Found a transporter.
  9568 | D:7      | Noticed a moth of wrath
  9866 | D:7      | Bought a copper wand for 84 gold pieces
  9866 | D:7      | Bought a scroll of identify for 42 gold pieces
  9866 | D:7      | Bought a scroll labelled SEUTOKKU TEIK for 21 gold pieces
 10028 | D:8      | Noticed Maurice
 10187 | D:7      | Found Epry's Assorted Antiques.
 10322 | D:7      | Killed Maurice
 10323 | D:7      | Reached skill level 9 in Fighting
 10323 | D:7      | Reached skill level 8 in Short Blades
 10595 | D:7      | Found a transporter.
 10620 | D:7      | Found Tidoliaj's Jewellery Boutique.
 10625 | D:7      | Found a transporter.
 11026 | D:8      | Was forgiven by Sif Muna
 11062 | D:8      | Found a transporter.
 11386 | D:8      | Reached ** piety under Trog
 11470 | D:8      | Noticed a glowing orange brain
 11492 | D:8      | Found a viscous altar of Jiyva.
 11492 | D:8      | Found a transporter.
 11954 | D:9      | Found an opulent altar of Gozag.
 12004 | D:9      | Reached skill level 9 in Short Blades
 12188 | D:9      | Found a snail-covered altar of Cheibriados.
 12202 | D:9      | Reached XP level 10. HP: 67/93 MP: 10/10
 12346 | D:9      | Reached skill level 10 in Fighting
 12757 | D:10     | Entered Level 10 of the Dungeon
 12787 | D:10     | Found a flagged portal.
 12869 | Bailey   | Entered a bailey
 12922 | Bailey   | Reached *** piety under Trog
 12946 | Bailey   | Reached skill level 10 in Short Blades
 13812 | Bailey   | Reached skill level 4 in Evocations
 14201 | Bailey   | Got an ichor-stained bardiche
 14202 | Bailey   | Identified the +7 bardiche of the Dark Horse {vorpal, Dex+6
                  | Stlth+} (You found it in a bailey)
 14581 | D:10     | Reached skill level 6 in Dodging
 14841 | D:10     | Reached skill level 5 in Evocations
 14932 | D:10     | Noticed a two-headed ogre
 14948 | D:10     | Killed a two-headed ogre
 14949 | D:10     | Reached skill level 11 in Fighting
 14958 | D:10     | Reached XP level 11. HP: 102/102 MP: 11/11
 15066 | D:10     | Found a glowing golden altar of the Shining One.
 15106 | D:10     | Found an opulent altar of Gozag.
 15107 | D:10     | Found a staircase to the Lair.
 15132 | D:10     | Found a roughly hewn altar of Beogh.
 15132 | D:10     | Found a staircase to the Orcish Mines.
 15180 | D:10     | Reached **** piety under Trog
 15442 | D:10     | Killed an unseen horror
 15698 | D:10     | Found Sonahioq's Magic Scroll Shoppe.
 15702 | D:10     | Bought a scroll of teleportation for 39 gold pieces
 15702 | D:10     | Bought a scroll of summoning for 123 gold pieces
 15817 | D:10     | Noticed a centaur warrior
 15842 | D:9      | Reached skill level 6 in Evocations
 15922 | D:9      | Killed a centaur warrior
 15923 | D:9      | Reached skill level 7 in Dodging
 16440 | D:10     | Killed an unseen horror
 16441 | D:10     | Reached skill level 7 in Evocations
 16643 | Lair:1   | Entered Level 1 of the Lair of Beasts
 16670 | Lair:1   | Reached skill level 12 in Fighting
 16701 | Lair:1   | Reached skill level 8 in Dodging
 17474 | D:5      | Bought an amulet of guardian spirit for 330 gold pieces
 17930 | Lair:1   | Noticed an oklob plant
 17976 | Lair:1   | Upgraded the game from 0.27-a0-328-g7f782ed93a to
                  | 0.27-a0-333-gfa571bf19a
 17988 | Lair:1   | Reached skill level 8 in Evocations
 18124 | Lair:1   | Reached XP level 12. HP: 110/113 MP: 12/12
 18785 | Lair:2   | Reached ***** piety under Trog
 19405 | Lair:2   | Reached skill level 9 in Dodging
 19680 | Lair:3   | Noticed a five-headed hydra
 19699 | Lair:2   | Killed a five-headed hydra
 19700 | Lair:2   | Reached skill level 3 in Shields
 19849 | Lair:3   | Reached skill level 4 in Shields
 19944 | Lair:3   | Noticed a six-headed hydra
 19970 | Lair:3   | Noticed a five-headed hydra
 19982 | Lair:3   | Killed a five-headed hydra
 20150 | Lair:3   | Found a staircase to the Snake Pit.
 20173 | Lair:3   | Reached skill level 13 in Fighting
 20173 | Lair:3   | Reached skill level 1 in Throwing
 20444 | Lair:3   | Noticed Nergalle
 20465 | Lair:3   | Killed Nergalle
 20471 | Lair:3   | Reached skill level 5 in Shields
 20741 | Lair:3   | Noticed Sonja
 20742 | Lair:3   | Noticed Sonja
 20742 | Lair:3   | Sonja changed into Sonja the swamp drake
 20757 | Lair:3   | Killed Sonja the swamp drake
 20927 | Lair:3   | Reached skill level 9 in Evocations
 21094 | Lair:3   | Reached skill level 2 in Throwing
 21556 | Lair:3   | Reached skill level 5 in Polearms
 21570 | Lair:3   | Found a staircase to the Swamp.
 21623 | Lair:3   | Killed a six-headed hydra
 21624 | Lair:3   | Reached skill level 6 in Shields
 22010 | Lair:4   | Reached skill level 3 in Throwing
 22038 | Lair:4   | Reached XP level 13. HP: 77/122 MP: 10/13
 22508 | Lair:4   | Reached skill level 7 in Shields
 23092 | Lair:4   | Reached skill level 4 in Throwing
 23311 | Lair:4   | Reached skill level 10 in Dodging
 23311 | Lair:4   | Reached skill level 8 in Shields
 23331 | Lair:4   | Reached skill level 10 in Evocations
 24002 | Lair:5   | Reached skill level 14 in Fighting
 24095 | Lair:5   | Reached skill level 9 in Shields
 24111 | Lair:5   | Reached skill level 5 in Throwing
 24146 | Lair:5   | Received a gift from Trog
 24302 | Lair:5   | Got a smoking quick blade {god gift}
 24802 | Lair:5   | Found a staircase to the Slime Pits.
 25098 | Lair:5   | Found a hide-covered altar of Uskayaw.
 25100 | Lair:5   | Found an ornate altar of the Wu Jian Council.
 25178 | Lair:5   | Reached XP level 14. HP: 133/133 MP: 14/14
 25201 | Lair:5   | Reached skill level 10 in Shields
 25666 | Lair:6   | Entered Level 6 of the Lair of Beasts
 25723 | Lair:6   | Reached skill level 6 in Throwing
 25814 | Lair:6   | Found the +8 lance "Wyrmbane" {slay drac, rPois rF+ rC+
                  | AC+3}
 25832 | Lair:6   | Identified the +10 quick blade of Action {flame, rF+} (Trog
                  | gifted it to you on level 5 of the Lair of Beasts)
 25894 | Lair:6   | Noticed Kirke
 25907 | Lair:6   | Killed Kirke
 26036 | Lair:6   | Reached skill level 6 in Polearms
 26522 | Lair:6   | Reached skill level 7 in Polearms
 26695 | Lair:6   | Reached skill level 8 in Polearms
 27076 | Lair:6   | Found a runed translucent door.
 27216 | Lair:6   | Paralysed by a hornet for 2 turns
 27236 | Lair:6   | Reached skill level 9 in Polearms
 28389 | D:7      | Killed Philosophunculist's ghost
 28452 | D:7      | Reached skill level 10 in Polearms
 29166 | D:11     | Reached skill level 11 in Polearms
 29436 | D:11     | Found Ysiam's Changing Room.
 29615 | D:11     | Found a shimmering blue altar of Sif Muna.
 29772 | D:11     | Reached ****** piety under Trog
 30050 | D:11     | Found Cefu's Assorted Antiques.
 30197 | D:12     | Reached XP level 15. HP: 117/139 MP: 12/15
 30372 | D:12     | Found a portal to a secret trove of treasure.
 30630 | D:12     | Found a transporter.
 30631 | D:12     | Found a transporter.
 30645 | D:12     | Found a one-way gate to the infinite horrors of the Abyss.
 30645 | D:12     | Noticed bmj180's ghost (journeyman DrCj)
 30697 | D:12     | Reached skill level 12 in Polearms
 30762 | D:12     | Identified the +7 demon blade of Yredelemnul's Hope
                  | {distort, Dex+5}
 31202 | D:12     | Found Teococlo's General Store.
 31212 | D:12     | Bought a scroll of identify for 36 gold pieces
 31240 | D:12     | Reached skill level 11 in Dodging
 31350 | D:12     | Received a gift from Trog
 31477 | D:12     | Cast into level 3 of the Abyss (deep elf knight)
 31479 | Abyss:3  | Found a corrupted altar of Lugonu.
 31558 | Abyss:3  | Reached skill level 11 in Shields
 31756 | Abyss:3  | Noticed a tentacled starspawn
 31758 | Abyss:3  | Noticed a tentacled starspawn
 31762 | Abyss:3  | Noticed a tentacled starspawn
 31762 | Abyss:3  | Noticed a tentacled starspawn
 31825 | Abyss:3  | Noticed a tentacled starspawn
 31884 | Abyss:3  | Noticed an Executioner
 31951 | Abyss:4  | Got a masterwork morningstar
 32015 | Abyss:4  | Noticed a thorn hunter
 32016 | Abyss:4  | Noticed a lich
 32026 | Abyss:5  | Entered Level 5 of the Abyss
 32052 | D:12     | Escaped the Abyss
 32361 | Orc:1    | Entered Level 1 of the Orcish Mines
 32460 | Orc:2    | Entered Level 2 of the Orcish Mines
 32599 | Orc:2    | Reached skill level 15 in Fighting
 32705 | Orc:1    | Received a gift from Trog
 32725 | Orc:1    | Reached skill level 12 in Shields
 33701 | Orc:2    | Noticed Rupert
 33731 | Orc:2    | Killed Rupert
 33845 | Orc:2    | Found Qitu Cukhi's Assorted Antiques.
 33945 | Orc:2    | Bought a runed jade amulet for 80 gold pieces
 33945 | Orc:2    | Bought a purple potion for 14 gold pieces
 33968 | Orc:2    | Found a roughly hewn altar of Beogh.
 34018 | Orc:2    | Reached skill level 13 in Shields
 34050 | Orc:2    | Reached skill level 12 in Dodging
 34146 | Orc:2    | Found Gela's Antique Armour Shoppe.
 34586 | Orc:2    | Found Bumik's Book Shop.
 34679 | Orc:2    | Noticed an orc warlord
 34715 | Orc:2    | Killed an orc warlord
 34788 | Orc:2    | Received a gift from Trog
 34817 | Orc:2    | Identified the +9 morningstar "Veud" {holy, +Rage Int-2
                  | Dex+9} (You found it on level 4 of the Abyss)
 34912 | Orc:2    | Found a roughly hewn altar of Beogh.
 35116 | Orc:2    | Found Vaddup's Antique Armour Boutique.
 35592 | Orc:2    | Reached XP level 16. HP: 83/144 MP: 16/16
 35773 | Orc:2    | Found a staircase to the Elven Halls.
 36140 | D:11     | Bought a tin of tremorstones (2/2) for 1280 gold pieces
 36140 | D:11     | Bought a scroll of fog for 64 gold pieces
 36140 | D:11     | Bought a scroll of teleportation for 96 gold pieces
 36342 | D:13     | Received a gift from Trog
 36435 | D:13     | Found a gate to the Vaults.
 37473 | D:13     | You fall into a shaft and drop 2 floors!
 37473 | D:15     | Entered Level 15 of the Dungeon
 38310 | D:14     | Received a gift from Trog
 38462 | D:14     | Reached skill level 11 in Evocations
 38858 | D:13     | Reached skill level 13 in Polearms
 39275 | D:14     | Noticed Josephine
 39295 | D:14     | Killed Josephine
 39726 | D:15     | Received a gift from Trog
 40026 | D:15     | Reached skill level 16 in Fighting
 40033 | D:15     | Reached skill level 13 in Dodging
 40340 | D:15     | Found a staircase to the Depths.
 40563 | D:15     | hittemvvvvvhard: !streak
 40563 | D:15     | beem: hittemvvvvvhard has 7 consecutive wins (OpBe, HuBe,
                  | TeBe, VSBe, NaBe, FoBe, HaBe) and has won their last 2
                  | games (CeEn, KoWn).
 40819 | Snake:1  | Entered Level 1 of the Snake Pit
 41158 | Snake:1  | Noticed Azrael
 41176 | Lair:3   | Reached skill level 14 in Polearms
 41276 | Lair:3   | Killed Azrael
 41752 | Snake:1  | Reached XP level 17. HP: 109/158 MP: 17/17
 42069 | Snake:1  | Noticed Aizul
 42073 | Snake:1  | Noticed Jorgrun
 42130 | Snake:1  | Killed Jorgrun
 42131 | Snake:1  | Reached skill level 12 in Evocations
 42295 | Snake:1  | Received a gift from Trog
 42552 | Snake:1  | Killed Aizul
 43298 | Snake:1  | Reached skill level 15 in Polearms
 43947 | Snake:2  | Received a gift from Trog
 44071 | Snake:2  | Noticed a Hell Sentinel
 44074 | Snake:2  | Found a transporter.
 44431 | Snake:2  | Reached skill level 17 in Fighting
 44741 | Snake:2  | Noticed rigao's ghost (adept DgGl)
 44743 | Snake:2  | Identified the +8 short sword of Holonovo {distort, *Slow
                  | Str+3 Dex+6}
 44949 | Snake:2  | Found a transporter.
 44990 | Snake:2  | Reached skill level 14 in Dodging
 45226 | Snake:2  | Found a runed translucent door.
 45700 | Snake:2  | Reached skill level 13 in Evocations
 46102 | Snake:2  | Found a transporter.
 46196 | Snake:2  | Found a transporter.
 46710 | Snake:3  | Received a gift from Trog
 47540 | Snake:3  | Reached XP level 18. HP: 51/170 MP: 18/18
 47540 | Snake:3  | HP: 26/170 [naga sharpshooter/bolt (25)]
 48658 | Snake:3  | Found a shimmering altar of Xom.
 49721 | Snake:4  | Entered Level 4 of the Snake Pit
 49953 | Snake:4  | Received a gift from Trog
 50646 | Snake:4  | Reached skill level 14 in Shields
 51288 | Snake:4  | Reached skill level 18 in Fighting
 51328 | Snake:4  | Reached skill level 14 in Evocations
 51801 | Snake:4  | Received a gift from Trog
 52028 | Snake:4  | Reached skill level 15 in Dodging
 53265 | Snake:4  | Found Bacuzuga's Book Boutique.
 53265 | Snake:4  | Found Zympeqem's Jewellery Emporium.
 53266 | Snake:4  | Found Walar's Book Boutique.
 53741 | Snake:4  | Received a gift from Trog
 53779 | Snake:4  | Reached XP level 19. HP: 108/180 MP: 19/19
 54140 | Snake:4  | Got a glimmering short sword {god gift}
 54160 | Snake:4  | Got a serpentine rune of Zot
 54336 | Snake:4  | Identified the +9 short sword "Ginwosai" {vorpal, rF+
                  | Str+2} (Trog gifted it to you on level 4 of the Snake Pit)
 54611 | Elf:1    | Entered Level 1 of the Elven Halls
 54822 | Elf:1    | Found Dilizxen's Armour Emporium.
 54848 | Elf:1    | Found Jourgh's Distillery.
 54848 | Elf:1    | Found Zofonir's Antique Weapon Emporium.
 54907 | Elf:1    | Found Ypemm's Jewellery Shoppe.
 54915 | Elf:1    | Bought 2 potions of heal wounds for 130 gold pieces
 54915 | Elf:1    | Bought a potion of curing for 39 gold pieces
 54915 | Elf:1    | Bought a potion of might for 52 gold pieces
 54915 | Elf:1    | Bought a potion of haste for 130 gold pieces
 54915 | Elf:1    | Bought a potion of heal wounds for 65 gold pieces
 55166 | Elf:1    | Received a gift from Trog
 55584 | Elf:1    | Noticed a deep elf sorcerer
 55595 | Elf:1    | Killed a deep elf sorcerer
 55795 | Elf:1    | Reached skill level 15 in Shields
 56110 | Elf:2    | Noticed a deep elf sorcerer
 56135 | Elf:2    | Killed a deep elf sorcerer
 56135 | Elf:2    | Received a gift from Trog
 56432 | D:5      | Bought a +4 ring of protection for 396 gold pieces
 56762 | Elf:2    | Reached skill level 15 in Evocations
 56796 | Elf:2    | Found a frozen archway.
 56800 | IceCv    | Entered an ice cave
 57433 | IceCv    | Noticed an Ice Fiend
 57440 | IceCv    | Killed an Ice Fiend
 57697 | Elf:2    | Reached skill level 19 in Fighting
 57884 | Elf:2    | Found Dicuupio's Antique Armour Shop.
 57915 | Elf:2    | Received a gift from Trog
 58209 | Elf:2    | Found a huge runed translucent gate.
 58209 | Elf:2    | Found a huge runed translucent gate.
 58209 | Elf:2    | Found a huge runed translucent gate.
 58215 | Elf:2    | Found a huge runed translucent gate.
 58215 | Elf:2    | Found a huge runed translucent gate.
 58489 | Elf:2    | Reached skill level 16 in Dodging
 58995 | Elf:2    | Received a gift from Trog
 59679 | Swamp:1  | Entered Level 1 of the Swamp
 59809 | Swamp:1  | Reached skill level 20 in Fighting
 60893 | Swamp:2  | Reached XP level 20. HP: 149/193 MP: 20/20
 61054 | Swamp:2  | Found a basalt altar of Yredelemnul.
 61612 | Swamp:3  | Got a masterwork broad axe
 61667 | Swamp:3  | Identified the +6 broad axe "Tietta" {vorpal, rC+ Int+3
                  | SInv} (You found it on level 3 of the Swamp)
 61918 | Swamp:3  | Received a gift from Trog
 62045 | Swamp:3  | Got a shimmering bardiche {god gift}
 62259 | Swamp:4  | Entered Level 4 of the Swamp
 62543 | Swamp:4  | Found a basalt altar of Yredelemnul.
 63147 | Swamp:4  | Reached skill level 16 in Evocations
 63369 | Swamp:4  | Received a gift from Trog
 63444 | Swamp:4  | Got a decaying rune of Zot
 64173 | Vaults:1 | Entered Level 1 of the Vaults
 64366 | Vaults:1 | Reached skill level 17 in Dodging
 65388 | Vaults:1 | Received a gift from Trog
 65537 | Vaults:1 | You fall into a shaft and drop 1 floor!
 65770 | Vaults:2 | Reached skill level 17 in Evocations
 66394 | Vaults:1 | Received a gift from Trog
 66601 | Vaults:1 | Reached XP level 21. HP: 201/201 MP: 21/21
 66918 | Vaults:1 | Got a brightly glowing battleaxe
 67334 | Vaults:2 | Found a staircase to the Crypt.
 67467 | Vaults:2 | Reached skill level 18 in Dodging
 67544 | Vaults:2 | Received a gift from Trog
 68350 | Vaults:2 | Noticed an entropy weaver
 68361 | Vaults:2 | Killed an entropy weaver
 68751 | Vaults:2 | Reached skill level 18 in Evocations
 69240 | Vaults:2 | hittemvvvvvhard: @?fire dragon
 69240 | Vaults:2 | beem: fire dragon (D)
                  | Spd:
    10 | HD: 12   | HP: 76-110
                  | | AC/EV: 10/8
                  | Dam: 20, 13, 13(trample)
                  | fly
                  | Res:
                  | magic(60), fire++, poison
                  | Vul: cold
                  | Corpse
                  | XP: 1071
                  | | Sp: fire breath (3d24) [!AM, !sil, breath]
                  | Sz: Giant
                  | | Int: animal.
 69446 | Vaults:2 | Reached skill level 19 in Dodging
 69716 | Vaults:2 | Identified the Reference Book on Unstable Venom
 69967 | Vaults:3 | Found a flickering gateway to a bazaar.
 70025 | Bazaar   | Entered a bazaar
 70033 | Bazaar   | Found Fuderen's Antique Weapon Emporium.
 70047 | Bazaar   | Found Orib's Antique Weapon Shoppe.
 70062 | Bazaar   | Found Bubasira's Antique Armour Shoppe.
 70074 | Bazaar   | Found Houshodd's Antique Armour Emporium.
 70079 | Bazaar   | Bought the +1 cloak of Starlight {*Dazzle EV+4 Stlth--} for
                  | 518 gold pieces
 70079 | Bazaar   | Found the +1 cloak of Starlight {*Dazzle EV+4 Stlth--}
 70739 | Vaults:3 | Received a gift from Trog
 71504 | Vaults:3 | Reached XP level 22. HP: 209/209 MP: 22/22
 71779 | Vaults:3 | Reached skill level 20 in Dodging
 73532 | Vaults:4 | Noticed Jory
 73572 | Vaults:4 | Killed Jory
 74775 | Vaults:4 | Identified a scroll of acquirement
 74776 | Vaults:4 | Identified the amulet "Gaziug" {Reflect rElec Int-3 Dex+8
                  | SH+5 Stlth-} (You found it on level 4 of the Vaults)
 74777 | Vaults:4 | Acquired 1296 gold pieces
 75863 | Elf:3    | Entered Level 3 of the Elven Halls
 76095 | Elf:3    | Acquired the ring of Juseps Qiol {EV+4 Str+3 Int+3}
 76100 | Elf:3    | hittemvvvvvhard: !calc 35+41+33
 76100 | Elf:3    | beem: 109
 76102 | Elf:3    | hittemvvvvvhard: !calc 31+45+34
 76102 | Elf:3    | beem: 110
 76768 | Elf:3    | Noticed a deep elf sorcerer
 76769 | Elf:3    | Noticed a deep elf demonologist
 76769 | Elf:3    | Noticed a deep elf sorcerer
 76775 | Elf:3    | Killed a deep elf sorcerer
 76775 | Elf:3    | Killed a deep elf demonologist
 76775 | Elf:3    | Killed a ghostly deep elf sorcerer
 76776 | Elf:3    | Killed a deep elf sorcerer
 76781 | Elf:3    | Identified the +6 leather armour "Bokhli" {rPois rN+ Dex-4}
 76786 | Elf:3    | Reached skill level 16 in Shields
 76839 | Elf:3    | Identified the +4 scimitar of Valour {vorpal, Stlth+}
 77029 | Elf:3    | Noticed a deep elf sorcerer
 77050 | Elf:3    | Killed a deep elf sorcerer
 77053 | Elf:3    | Identified the +0 buckler "Lupsanal" {+Inv rElec Dex-5}
 77106 | Elf:3    | Found the ring of the Octopus King
 77107 | Elf:3    | Noticed a deep elf sorcerer
 77109 | Elf:3    | Identified the ring of Megalomania {rN+ Int+6}
 77113 | Elf:3    | Noticed a deep elf sorcerer
 77124 | Elf:3    | Killed a deep elf sorcerer
 77124 | Elf:3    | Received a gift from Trog
 77127 | Elf:3    | Killed a deep elf sorcerer
 77128 | Elf:3    | Reached skill level 17 in Shields
 77128 | Elf:3    | Identified the +6 trident of the Eternal Warrior {flame,
                  | rElec rF- Str+2} (Trog gifted it to you on level 3 of the
                  | Elven Halls)
 77180 | Elf:3    | Identified the Collected Works on Captivating
                  | Transformation
 77187 | Elf:3    | Identified the Compendium of Scorching Feathers
 77246 | Elf:3    | Identified a ring of the Octopus King {rN+ AC+1 EV+1 Str+1
                  | Int+1 Dex+1} (You found it on level 3 of the Elven Halls)
 77734 | Snake:4  | Bought the ring of Joapufud {Will+ Dex+6 Stlth+} for 1330
                  | gold pieces
 77737 | Snake:4  | hittemvvvvvhard: !calc 27+51+35
 77737 | Snake:4  | beem: 113
 77739 | Snake:4  | hittemvvvvvhard: !calc 31+45+35
 77739 | Snake:4  | beem: 111
 77741 | Snake:4  | hittemvvvvvhard: !calc 31+47+34
 77741 | Snake:4  | beem: 112
 78066 | D:11     | Bought a wand of paralysis (10) for 64 gold pieces
 78066 | D:11     | Bought a wand of digging (2) for 256 gold pieces
 78119 | D:11     | Bought a potion of mutation for 112 gold pieces
 78119 | D:11     | Bought a potion of mutation for 112 gold pieces
 78225 | Depths:1 | Entered Level 1 of the Depths
 78257 | Depths:1 | Acquired 1309 gold pieces
 78394 | Depths:1 | Found a gateway to Hell.
 78770 | Depths:1 | Reached XP level 23. HP: 215/215 MP: 23/23
 79226 | Depths:1 | Reached skill level 18 in Shields
 79245 | Depths:1 | Found a one-way gate leading to the halls of Pandemonium.
 79483 | Depths:1 | Received a gift from Trog
 80296 | Depths:2 | Received a gift from Trog
 80332 | Depths:2 | Got a pitted spear {god gift}
 80353 | Depths:2 | Noticed Bai Suzhen
 80369 | Depths:2 | Killed Bai Suzhen
 80502 | Depths:2 | Noticed Nikola
 80518 | Depths:2 | Killed Nikola
 81102 | Depths:3 | Reached skill level 19 in Shields
 81464 | Depths:3 | Found a gateway to a ziggurat.
 81873 | Depths:3 | Noticed Boris
 81894 | Depths:3 | Killed Boris
 81894 | Depths:3 | Received a gift from Trog
 81975 | Depths:3 | Reached skill level 7 in Throwing
 82014 | Depths:3 | Paralysed by a floating eye for 2 turns
 82406 | Depths:3 | Paralysed by a floating eye for 2 turns
 83486 | Depths:4 | Found a flickering gateway to a bazaar.
 83498 | Bazaar   | Entered a bazaar
 83498 | Bazaar   | Found Pastooly's Weapon Shop.
 83498 | Bazaar   | Found Obloeru's General Store.
 83498 | Bazaar   | Found Noidiw's Weapon Shoppe.
 83500 | Bazaar   | Found Ympuly's Assorted Antiques.
 83500 | Bazaar   | Found Uda Jiorphu's Armour Boutique.
 83540 | Bazaar   | Bought a scroll of blinking for 195 gold pieces
 83540 | Bazaar   | Bought an ancient jade ring for 130 gold pieces
 83540 | Bazaar   | Bought a scroll of magic mapping for 91 gold pieces
 83540 | Bazaar   | Bought a scroll of identify for 52 gold pieces
 83540 | Bazaar   | Bought a scroll of magic mapping for 91 gold pieces
 83540 | Bazaar   | Identified the ring of Waots {Str+5 Int+6} (You bought it
                  | in a shop in a bazaar)
 83811 | Depths:4 | Reached XP level 24. HP: 197/226 MP: 23/23
 84165 | Depths:4 | Paralysed by something for 4 turns
 84406 | Depths:4 | Reached skill level 21 in Dodging
 84493 | Depths:5 | Entered Level 5 of the Depths
 84500 | Depths:5 | Noticed a juggernaut
 84637 | Depths:5 | Reached skill level 8 in Throwing
 84760 | Depths:5 | Noticed a lich
 84775 | Depths:5 | Killed a lich
 85096 | Depths:5 | Received a gift from Trog
 85105 | Depths:5 | Killed a juggernaut
 85172 | Depths:5 | Noticed a lich
 85192 | Depths:5 | Killed a lich
 85350 | Depths:5 | Reached skill level 21 in Fighting
 85591 | Depths:5 | Found a gate to the Realm of Zot.
 85871 | Depths:5 | Reached skill level 19 in Evocations
 86642 | D:5      | Bought the ring of Xiel {rN++ MP-9 Int+4 Dex+6 Stlth+} for
                  | 751 gold pieces
 88424 | Slime:1  | Entered Level 1 of the Pits of Slime
 88898 | Slime:3  | Received a gift from Trog
 88916 | Slime:4  | Gained mutation: You tend to lose your temper in combat. [a
                  | shining eye]
 88949 | Slime:3  | Reached skill level 9 in Throwing
 89138 | Slime:4  | Gained mutation: You evolve. [a shining eye]
 89149 | Slime:3  | Reached skill level 20 in Shields
 89251 | Slime:4  | Gained mutation: You are weak. (Str -2) [a shining eye]
 90112 | Slime:5  | Entered Level 5 of the Pits of Slime
 90540 | Slime:5  | Noticed the Royal Jelly
 90549 | Slime:5  | Killed the Royal Jelly
 90871 | Slime:5  | Reached XP level 25. HP: 237/237 MP: 23/23
 91032 | Slime:5  | Received a gift from Trog
 91185 | Slime:5  | Got a slimy rune of Zot
 91187 | Slime:5  | Identified the +6 lajatang of Day {vorpal, Will+} (You
                  | found it on level 5 of the Pits of Slime)
 91774 | Crypt:1  | Entered Level 1 of the Crypt
 92009 | Crypt:1  | Reached skill level 21 in Shields
 92296 | Crypt:1  | Noticed a curse skull
 92304 | Crypt:1  | Killed a curse skull
 92573 | Crypt:1  | Gained mutation: You passively map a small area around you.
                  | [evolution]
 92681 | Crypt:1  | Received a gift from Trog
 92682 | Crypt:1  | You fall into a shaft and drop 1 floor!
 92984 | Crypt:1  | Reached skill level 22 in Shields
 93624 | Crypt:2  | Found a shimmering altar of Xom.
 94456 | Crypt:3  | Entered Level 3 of the Crypt
 94536 | Crypt:3  | Received a gift from Trog
 94769 | Crypt:3  | Reached skill level 23 in Shields
 95060 | Crypt:3  | Noticed a curse skull
 95788 | Crypt:3  | Killed a curse skull
 95825 | Crypt:3  | Acquired a +2 pair of gloves of stealth
 95843 | Crypt:3  | Identified the ring of Patuank {+Blink rElec rN+} (You
                  | found it on level 3 of the Crypt)
 95844 | Crypt:3  | Identified the ring "Adatzi" {rN+ Stlth+} (You found it on
                  | level 3 of the Crypt)
 95845 | Crypt:3  | Identified the ring "Elifog" {*Corrode rC++ rN+ Will+
                  | Dex+4} (You found it on level 3 of the Crypt)
 95903 | Crypt:3  | Found a staircase to the Tomb.
 96438 | Crypt:3  | Identified the Catalogue of Shape Shifting
 96616 | Crypt:3  | Noticed a dread lich
 96623 | Crypt:3  | Noticed a Tzitzimitl
 96631 | Crypt:3  | Killed a dread lich
 96944 | Crypt:3  | Noticed Frederick
 97012 | Crypt:3  | Killed Frederick
 97148 | Crypt:3  | Found an ancient bone altar of Kikubaaqudgha.
 97150 | Crypt:3  | Noticed a dread lich
 97168 | Crypt:3  | Killed a dread lich
 97168 | Crypt:3  | Received a gift from Trog
 97209 | Crypt:3  | Noticed a lich
 97219 | Crypt:3  | Killed a lich
 97295 | Crypt:3  | Reached skill level 22 in Fighting
 97295 | Crypt:3  | Reached XP level 26. HP: 246/246 MP: 14/23
 97998 | Zot:1    | Entered Level 1 of the Realm of Zot
 97998 | Zot:1    | Noticed an orb of fire
 98012 | Zot:2    | Reached skill level 24 in Shields
 98204 | Zot:2    | Reached XP level 27. HP: 254/254 MP: 14/23
 98874 | Zot:2    | You fall into a shaft and drop 2 floors!
 99123 | Zot:4    | Acquired a manual of Evocations
 99379 | Zot:3    | Found a runed translucent door.
 99381 | Zot:3    | Noticed Jimaaf's ghost (adept DDFi)
100021 | Zot:2    | Reached skill level 20 in Evocations
100506 | Zot:1    | Reached skill level 25 in Shields
100664 | Zot:1    | Reached skill level 21 in Evocations
100742 | Zot:1    | Received a gift from Trog
100849 | Zot:1    | Reached skill level 22 in Evocations
100920 | Zot:1    | Killed an orb of fire
101476 | Zot:1    | Reached skill level 23 in Evocations
101576 | Zot:1    | Noticed a curse toe
101590 | Zot:1    | Killed a curse toe
102507 | Zot:5    | Entered Level 5 of the Realm of Zot
102524 | Zot:5    | Noticed an orb of fire
102525 | Zot:5    | Noticed an orb of fire
102527 | Zot:5    | Got the Orb of Zot
102529 | Zot:5    | Noticed a curse toe
102576 | Zot:4    | Lost mutation: You tend to lose your temper in combat.
                  | [potion of mutation]
102576 | Zot:4    | Gained mutation: Your spells are a little harder to cast,
                  | but a little more powerful. [potion of mutation]
102576 | Zot:4    | Gained mutation: You have sharp fingernails. [potion of
                  | mutation]
102668 | Zot:3    | Noticed a Tzitzimitl
102798 | Depths:3 | Reached skill level 24 in Evocations
102825 | Depths:3 | Noticed a Tzitzimitl
103044 | D:11     | Noticed a Brimstone Fiend
103053 | D:11     | Killed a Brimstone Fiend
103116 | D:7      | Noticed Oxejo the pandemonium lord
103116 | D:7      | Noticed a Brimstone Fiend
103231 | D:7      | Noticed Pynyhuy the pandemonium lord
103283 | D:6      | Gained mutation: You are agile. (Dex +2) [evolution]
103369 | D:3      | Noticed a Brimstone Fiend
103453 | D:1      | Noticed Wuor the pandemonium lord
103453 | D:1      | Noticed a lich
103457 | D:$      | Escaped with the Orb!

Table legend: (Time is in decaauts)
 A = Elapsed time spent in this place.
 B = Non-inter-level travel time spent in this place.
 C = Inter-level travel time spent in this place.
 D = Time resting spent in this place.
 E = Time spent auto-exploring this place.
 F = Levels seen in this place.
 G = Mean time per level.
                   A        B        C        D        E       F      G
               +--------+--------+--------+--------+--------+-----+--------+
         Total |  97524 |  86436 |  11088 |   9533 |  58133 |  63 | 1548.0 |
       Dungeon |  26893 |  21815 |   5078 |   2597 |  15254 |  15 | 1792.9 |
          Lair |  11630 |  10203 |   1427 |    533 |   7844 |   6 | 1938.3 |
         Swamp |   4066 |   3928 |    138 |    272 |   2932 |   4 | 1016.5 |
     Snake Pit |  12837 |  12093 |    744 |    983 |   8748 |   4 | 3209.2 |
    Slime Pits |   2620 |   2564 |     56 |   1062 |    791 |   5 |  524.0 |
  Orcish Mines |   3912 |   3251 |    661 |    592 |   1845 |   2 | 1956.0 |
   Elven Halls |   4903 |   4556 |    347 |    177 |   3284 |   3 | 1634.3 |
        Vaults |  10059 |   8506 |   1553 |    530 |   6008 |   4 | 2514.8 |
         Crypt |   5466 |   5307 |    159 |   1010 |   3033 |   3 | 1822.0 |
        Depths |   7806 |   7265 |    541 |    976 |   4445 |   5 | 1561.2 |
           Zot |   4269 |   3889 |    380 |    589 |   2241 |   5 |  853.8 |
         Abyss |    491 |    491 |      0 |      0 |    161 |   3 |  163.7 |
        Bazaar |    140 |    140 |      0 |      0 |     96 |   2 |   70.0 |
        Bailey |   1619 |   1619 |      0 |    133 |    923 |   1 | 1619.0 |
      Ice Cave |    806 |    806 |      0 |     74 |    528 |   1 |  806.0 |
               +--------+--------+--------+--------+--------+-----+--------+

Top non-repeatable levels by time:
 Snake:3: 3967 daAuts
Vaults:2: 3888 daAuts
   Orc:2: 3421 daAuts
 Snake:2: 3232 daAuts
    D:10: 3216 daAuts
 Snake:4: 3054 daAuts
 Crypt:3: 2961 daAuts
     D:7: 2755 daAuts
 Snake:1: 2583 daAuts
  Lair:3: 2502 daAuts
    D:13: 2260 daAuts
  Lair:6: 2215 daAuts
Vaults:3: 2137 daAuts
     D:5: 2131 daAuts
  Lair:4: 2117 daAuts

Table legend:
 A = Kills in this place as a percentage of kills in entire the game.
 B = Kills by you in this place as a percentage of kills by you in the entire game.
 C = Kills by friends in this place as a percentage of kills by friends in the entire game.
 D = Other kills in this place as a percentage of other kills in the entire game.
 E = Experience gained in this place as a percentage of experience gained in the entire game.
 F = Experience gained in this place divided by the number of levels of this place that you have seen.
                   A       B       C       D       E      F
               +-------+-------+-------+-------+-------+----------------------
         Total | 100.0 | 100.0 | 100.0 | 100.0 | 100.0 | 24728.6
       Dungeon |  20.7 |  21.1 |   3.4 |  11.1 |   6.8 | 7085.5
          Lair |   8.1 |   8.3 |   0.0 |   0.0 |   5.2 | 13393.5
         Swamp |   4.5 |   4.4 |   1.7 |  16.7 |   4.4 | 17290.5
     Snake Pit |  11.0 |  10.8 |  20.3 |   5.6 |  11.2 | 43592.2
    Slime Pits |   3.9 |   4.0 |   0.0 |   0.0 |   5.1 | 15734.8
  Orcish Mines |   7.3 |   7.5 |   0.0 |   0.0 |   2.1 | 16513.5
   Elven Halls |   6.7 |   6.5 |   6.8 |  38.9 |   8.8 | 45885.7
        Vaults |  12.7 |  12.3 |  33.9 |   0.0 |  14.7 | 57098.8
         Crypt |   6.4 |   6.6 |   0.0 |   0.0 |   9.0 | 46742.7
        Depths |  10.4 |  10.3 |  11.9 |  16.7 |  16.5 | 51459.4
           Zot |   5.1 |   5.1 |   5.1 |   5.6 |  15.1 | 46996.2
         Abyss |   1.0 |   1.0 |   0.0 |   5.6 |   0.5 | 2685.3
        Bailey |   1.4 |   1.1 |  15.3 |   0.0 |   0.1 | 2219.0
      Ice Cave |   0.8 |   0.8 |   1.7 |   0.0 |   0.5 | 7190.0
               +-------+-------+-------+-------+-------+----------------------

Action                   |  1- 3 |  4- 6 |  7- 9 | 10-12 | 13-15 | 16-18 | 19-21 | 22-24 | 25-27 || total
-------------------------+-------+-------+-------+-------+-------+-------+-------+-------+-------++-------
Melee: Spear             |   169 |    38 |       |       |       |       |       |       |       ||   207
       Tailslap          |    10 |    11 |    45 |   196 |   343 |   327 |   551 |   915 |   715 ||  3113
       Dagger            |       |   124 |   469 |  1117 |   556 |       |       |       |       ||  2266
       Lance             |       |       |       |       |  1711 |  2656 |  3377 |  2996 |  2427 || 13167
Throw: Dart              |    25 |    23 |    44 |   210 |   204 |       |       |   193 |   197 ||   896
       Javelin           |       |       |       |    38 |   176 |       |       |    50 |       ||   264
       Boomerang         |       |       |       |       |   177 |   651 |   481 |    97 |       ||  1406
Invok: Berserk           |       |       |     4 |    13 |    16 |    16 |    19 |    14 |     7 ||    89
       Trog's Hand       |       |       |       |     4 |    17 |     5 |    12 |    18 |    11 ||    67
       Brothers in Arms  |       |       |       |       |     1 |     5 |    10 |     7 |     2 ||    25
Evoke: Wand              |     3 |    12 |     7 |     8 |     5 |    25 |     1 |     2 |     7 ||    70
       Tin of tremorston |       |       |       |       |       |     3 |     4 |     4 |       ||    11
       Condenser vane    |       |       |       |       |       |       |       |     4 |       ||     4
       Phial of floods   |       |       |       |       |       |       |       |     1 |       ||     1
       Phantom mirror    |       |       |       |       |       |       |       |     1 |       ||     1
  Use: Scroll            |     5 |     2 |     5 |     5 |    12 |     6 |     6 |    25 |    17 ||    83
       Potion            |       |       |       |       |     9 |     1 |       |     1 |    10 ||    21
 Stab: Sleeping          |     5 |     3 |     2 |       |     3 |     3 |    10 |       |     4 ||    30
       Distracted        |       |       |     1 |       |       |     1 |     2 |     5 |     1 ||    10
       Paralysed         |       |       |       |       |       |    13 |       |       |    11 ||    24
       Petrified         |       |       |       |       |       |       |     8 |       |       ||     8
       Invisible         |       |       |       |       |       |       |       |    74 |    12 ||    86
Armor: Skin              |    51 |    33 |   144 |   229 |   428 |   447 |   476 |   145 |    45 ||  1998
Dodge: Dodged            |   112 |    76 |   235 |   494 |   929 |  1098 |  1106 |  1230 |   579 ||  5859
Block: Buckler           |       |       |       |    78 |   511 |   507 |       |       |       ||  1096
       Kite shield       |       |       |       |       |       |   272 |  1066 |    14 |       ||  1352
       Tower shield      |       |       |       |       |       |       |       |  2698 |  1638 ||  4336
       Reflection        |       |       |       |       |       |       |       |   180 |    16 ||   196

Vanquished Creatures
  the Royal Jelly (Slime:5)
  2 dread liches (Crypt:3)
  An orb of fire (Zot:1)
  A juggernaut (Depths:5)
  Boris (Depths:3)
  Bai Suzhen (Depths:2)
  Frederick (Crypt:3)
  10 golden dragons
  A curse toe (Zot:1)
  Nikola (Depths:2)
  Jory (Vaults:4)
  A shard shrike zombie (Crypt:2)
  An electric golem (Zot:1)
  7 tentacled monstrosities
  Rupert (Orc:2)
  Jorgrun (Snake:1)
  2 liches
  5 Orb Guardians
  17 acid blobs
  3 deep elf blademasters
  2 deep elf master archers (Elf:3)
  4 quicksilver dragons
  2 ancient champions (Crypt:1)
  An Executioner (D:5)
  10 death cobs
  A thorn hunter (Depths:2)
  2 sphinxes (Crypt:3)
  8 storm dragons
  8 nagarajas
  7 shadow dragons
  Kirke (Lair:6)
  12 azure jellies
  3 draconian monks (Zot:1)
  3 tengu reavers
  3 revenants
  9 fire giants
  3 balrugs
  7 deep elf sorcerers
  2 curse skulls
  A ghost moth (Zot:2)
  4 frost giants
  An orc warlord (Orc:2)
  5 draconian scorchers
  Aizul (Snake:1)
  10 ironheart preservers
  13 vault wardens
  4 draconian knights
  4 deep elf elementalists (Elf:3)
  6 draconian shifters
  5 ghouls
  An angel (D:2)
  4 war gargoyles
  4 draconian annihilators (Zot:1)
  5 vampire knights
  16 very ugly things
  26 stone giants
  8 green draconians
  Azrael (Lair:3)
  A deep elf demonologist (Elf:3)
  9 deep elf annihilators
  6 yellow draconians
  An entropy weaver (Vaults:2)
  3 bunyips (Swamp:2)
  8 red draconians
  11 black draconians
  9 purple draconians
  A dire elephant (Lair:5)
  12 white draconians
  4 eidola
  A mummy priest (Crypt:3)
  A green death (Zot:4)
  10 death oozes
  9 ettins
  2 eleionomae
  3 deep elf high priests
  7 deep elf death magi
  8 fire dragons
  5 jiangshi (Crypt:1)
  2 shambling mangroves
  Josephine (D:14)
  3 ice dragons
  2 hell beasts
  12 great orbs of eyes
  3 rakshasas
  9 yaktaur captains
  22 hydras
  13 vault guards
  10 centaur warriors
  A monstrous demonspawn (D:8)
  2 ghost crabs
  6 spriggan air magi
  2 catoblepae
  18 naga warriors
  14 ogre magi
  4 boulder beetles
  41 two-headed ogres
  6 alligators
  32 anacondas
  24 dancing weapons
  7 death knights
  2 tengu warriors
  12 death yaks (Lair:4)
  8 deep troll shamans
  5 vampire magi
  7 deep troll earth magi
  11 spriggan berserkers
  11 shock serpents
  10 hell knights
  6 orc high priests
  14 deep elf knights
  16 naga sharpshooters
  Nergalle (Lair:3)
  A storm dragon zombie (Crypt:1)
  3 salamander mystics (Snake:4)
  4 soul eaters
  A titan skeleton (Crypt:3)
  A spatial maelstrom (Abyss:3)
  2 shadow wraiths
  8 spriggan druids
  31 skeletal warriors
  6 iron trolls
  A sixfirhy (Depths:5)
  8 glowing orange brains
  27 deep trolls
  14 sea snakes
  A gelid demonspawn (Depths:5)
  7 naga ritualists
  19 phantasmal warriors
  6 unseen horrors
  A sea snake (shapeshifter) (Vaults:2)
  3 wizards
  12 flayed ghosts
  A shadow demon (Abyss:3)
  5 goliath frogs
  13 swamp dragons
  24 deep elf archers
  17 orc knights
  40 deep elf pyromancers
  2 wolf spider zombies (D:14)
  The ghost of Philosophunculist the Black Sun, a novice DENe of Kikubaaqudgha (D:7)
  9 bog bodies
  5 necromancers
  A harpy (shapeshifter) (Vaults:2)
  4 lindwurms
  13 ironbrand convokers
  32 deep elf zephyrmancers
  2 iron dragon zombies (Crypt:1)
  5 orc sorcerers
  2 wolf spiders
  A faun (shapeshifter) (Depths:5)
  19 salamanders
  A salamander (shapeshifter) (Elf:1)
  88 slime creatures
  46 ugly things
  3 shining eyes
  14 mana vipers
  A faun (Snake:1)
  8 fire giant skeletons (Crypt:3)
  22 moths of wrath
  5 oklob plants
  24 elephants
  3 will-o-the-wisps
  5 manticores
  2 worldbinders
  A frost giant zombie (Crypt:1)
  14 guardian serpents
  8 cyclopes
  40 black mambas
  11 vault sentinels
  Maurice (D:7)
  2 ice statues (IceCv)
  A black mamba (shapeshifter) (D:15)
  2 rust devils (Depths:1)
  An orange demon (Zot:4)
  A cane toad (shapeshifter) (D:9)
  A stone giant skeleton (Vaults:4)
  35 naga magi
  6 torpor snails
  5 centaur skeletons
  7 gargoyles
  4 eyes of devastation
  A smoke demon (Depths:1)
  A hellion (Zot:4)
  A yaktaur zombie (Vaults:4)
  22 cane toads
  5 rime drakes
  Maggie (D:7)
  2 large abominations (Abyss:3)
  2 tengu conjurers
  3 demonic crawlers
  A hellwing (Depths:3)
  A tormentor (D:9)
  A human zombie (Vaults:4)
  14 freezing wraiths
  40 yaktaurs
  10 ice devils
  A yaktaur skeleton (Vaults:4)
  5 komodo dragons
  An efreet (D:14)
  2 guardian mummies (Crypt:3)
  A polar bear (shapeshifter) (D:15)
  A purple draconian skeleton (Crypt:1)
  A silent spectre (Abyss:3)
  4 red devils
  8 trolls
  2 polar bears
  3 jumping spiders (shapeshifter)
  26 hornets
  4 ancient zymes (Abyss:3)
  11 tyrant leeches
  20 blink frogs
  A wolf spider simulacrum (D:14)
  A sphinx simulacrum (Depths:2)
  A harpy skeleton (Crypt:1)
  A hydra skeleton (Crypt:3)
  4 raiju (Abyss:3)
  A human simulacrum (Vaults:2)
  5 air elementals
  12 fire dragon skeletons (Crypt:3)
  A ynoxinul (Abyss:3)
  7 shadows
  17 wraiths
  60 yaks
  6 vampires
  16 spriggans
  4 wyverns
  An alligator skeleton (Crypt:1)
  6 fire elementals
  A human (shapeshifter) (Depths:3)
  6 water elementals
  A fire bat (D:12)
  A basilisk (Lair:5)
  8 golden eyes
  A steam dragon (D:9)
  13 vampire mosquitoes
  2 neqoxecs
  A chaos spawn (Depths:1)
  6 harpy simulacra (IceCv)
  Menkaure (D:7)
  2 iron troll simulacra (IceCv)
  A soldier ant (D:15)
  A hydra simulacrum (IceCv)
  9 wargs
  56 nagas
  4 acid dragons
  19 water moccasins
  13 swamp worms
  Duvessa (D:4)
  A floating eye (Depths:3)
  A faun skeleton (Crypt:2)
  2 black bears
  8 hell hounds
  76 orc warriors
  3 sky beasts
  A monstrous demonspawn skeleton (Crypt:1)
  9 ice beasts
  13 swamp drakes
  A boulder beetle simulacrum (Vaults:1)
  An ettin simulacrum (IceCv)
  4 eyes of draining
  3 necrophages
  A swamp dragon zombie (Crypt:1)
  45 ogres
  34 centaurs
  5 wolves
  A manticore skeleton (Crypt:1)
  3 phantoms
  4 kobold brigands
  5 earth elementals
  40 orc priests
  2 salamander zombies (Crypt:2)
  23 bullfrogs
  A salamander skeleton (Crypt:1)
  3 wyvern skeletons
  5 killer bees
  5 scorpions
  A troll skeleton (Crypt:2)
  A spriggan skeleton (Crypt:2)
  3 vampire bats (D:12)
  5 electric eels
  3 howler monkeys (D:11)
  35 wights
  2 crimson imps
  3 centaur zombies
  A quasit (Abyss:3)
  A bullfrog zombie (D:12)
  2 jellies
  11 hounds
  An iron imp (Depths:3)
  4 iguanas
  21 orc wizards
  10 worker ants
  A demonspawn skeleton (Crypt:2)
  6 polar bear simulacra (Lair:3)
  A yak simulacrum (Lair:3)
  A killer bee zombie (D:8)
  3 wolf simulacra (Lair:3)
  A hound skeleton (D:5)
  10 mummies (Crypt:3)
  4 gnolls (Orc:1)
  16 adders
  3 howler monkey skeletons
  6 shadow imps
  8 white imps
  4 ufetubi
  An ooze (D:5)
  3 adder skeletons
  2 adder zombies
  An iguana skeleton (Crypt:1)
  12 worms
  4 dart slugs
  2 leopard geckos (D:3)
  167 orcs
  14 bats
  9 giant cockroaches
  16 goblins
  8 hobgoblins
  13 jackals
  9 quokkas
  A river rat zombie (Crypt:1)
  3 ball pythons (D:12)
  5 frilled lizards
  13 kobolds
  A quokka skeleton (Crypt:1)
  7 rats
  A river rat simulacrum (Lair:3)
  A river rat skeleton (Crypt:2)
2675 creatures vanquished.

Vanquished Creatures (collateral kills)
  A Brimstone Fiend (D:11)
  An Ice Fiend (IceCv)
  A sphinx (Vaults:2)
  A draconian monk (Zot:4)
  A vault warden (Vaults:2)
  An ironheart preserver (Vaults:3)
  A stone giant (Vaults:2)
  A vampire knight (Depths:4)
  A black draconian (Zot:4)
  An ettin (shapeshifter) (Vaults:2)
  2 yaktaur captains
  2 vault guards (Vaults:2)
  A rakshasa (Vaults:3)
  An ogre mage (Depths:1)
  An alligator (Swamp:4)
  An anaconda (Snake:4)
  2 dancing weapons (Elf:2)
  A vampire mage (Vaults:2)
  2 naga sharpshooters
  3 hell knights (Depths:1)
  A skeletal warrior (Vaults:4)
  2 deep elf knights (Elf:2)
  A glowing orange brain (Snake:2)
  A phantasmal warrior (Vaults:4)
  A naga ritualist (Snake:4)
  3 orc knights
  2 mana vipers
  A black mamba (Snake:3)
  2 naga magi (Snake:4)
  A freezing wraith (Vaults:3)
  A hellwing (Zot:4)
  A troll (Vaults:4)
  A vampire (Vaults:2)
  2 nagas (Snake:4)
  An ogre (Depths:1)
  A centaur (Bailey)
  Dowan (D:4)
  10 orcs
59 creatures vanquished.

Vanquished Creatures (others)
  A lich (Depths:5)
  A draconian knight (Zot:1)
  An alligator (Swamp:4)
  A thrashing horror (Abyss:3)
  2 spriggan berserkers (Swamp:4)
  A vampire mage (Depths:1)
  3 deep elf knights
  An unseen horror (shapeshifter) (Elf:2)
  3 deep elf pyromancers (Elf:3)
  A black mamba (Snake:2)
  A tyrant leech (Swamp:4)
  An air elemental (Elf:1)
  7 humans (Lair:6)
  A water elemental (Elf:1)
  A small abomination (Abyss:3)
  A warg (shapeshifter) (Depths:3)
  2 orc priests
  2 orc wizards
  A briar patch (Depths:3)
  12 foxfires
  114 fungi
  149 plants
  12 starspawn tentacles (Abyss:3)
  54 withered plants (Crypt:3)
373 creatures vanquished.

Grand Total: 3107 creatures vanquished You could see Wuor, a large abomination and a red devil.

Levels and vault maps discovered:
D:1:      dpeg_arrival_shrine, layout_loops_corners
D:2:      layout_basic
D:3:      layout_loops_ring, nicolae_qazlal_general_emergency,
          chequers_ecumenical_altar_twisty
D:4:      layout_basic, kennysheep_mini_moat, uniq_duvessa
D:5:      minmay_angry_zag, layout_gridville, bloody_trog,
          minmay_temple_entry_junction, serial_shops, shop,
          nicolae_shop_behind_doors, doesnt_shop_hydraphobe
D:6:      layout_cave_pods, lemuel_doored_altar, makhleb_grotto_becter
D:7:      layout_cave_pods, serial_shops, nicolae_shop_overgrown_old_shop,
          gammafunk_ghost_berserking_beasts, minmay_shop_enchanted_jewellery,
          uniq_menkaure, uniq_maggie
D:8:      gammafunk_jiyva_shrine, layout_cave_pools, uniq_maurice
D:9:      layout_irregular_city, kennysheep_mini, grunt_gozag_statues
D:10:     nzn_winding_woodlands_stair_cross [nzn_winding_woodlands_5x15_crooked,
          nzn_winding_woodlands_center_lodge,
          nzn_winding_woodlands_5x15_river_crossing,
          nzn_winding_woodlands_hourglass, nzn_winding_woodlands_5x5_perimeter,
          nzn_winding_woodlands_5x15_jagged,
          nzn_winding_woodlands_center_pierced_h,
          nzn_winding_woodlands_5x15_sidewinder], layout_basic, david_orc_5,
          basic_altar, enter_bailey_3, serial_shops, shop, tso_metal_star
D:11:     minmay_skewed_foursquare, layout_stronghold, basic_altar,
          serial_shops, nicolae_shop_overgrown_old_shop, serial_column_ruins,
          column_ruins_open_tiny, column_ruins_open_medium,
          column_ruins_open_small, column_ruins_corridor_corner,
          column_ruins_open_large, column_ruins_grid_3,
          nicolae_transmutations_shop, serial_bayou_pond_e
D:12:     layout_basic, enter_trove_1, serial_shops, shop,
          gammafunk_ghost_abyssal_escape, grunt_ministairs_12,
          hangedman_parallel_progression
D:13:     layout_layer_cave, david_vaults_5
D:14:     layout_loops_cross, uniq_josephine
D:15:     grunt_enter_depths_giant_problem, layout_loops_cross, feat_on_display
Lair:1:   layout_regular_city, serial_bayou_shore_b, minmay_lair_oklob_chamber,
          grunt_megastairs_4, lemuel_fruit_tree
Lair:2:   layout_roguey
Lair:3:   layout_regular_city, minmay_swamp_entry_swarm,
          minmay_snake_entry_guardpost_small, gauntlet_entry_generic,
          eino_house_with_fridge, uniq_sonja, uniq_nergalle
Lair:4:   layout_cave_pods, beast_lair_carwin_7, infiniplex_staircase_pool_2,
          grunt_megastairs_2
Lair:5:   mu_elephants_graveyard, layout_misc_corridors, slime_dummy,
          nzn_masters_of_martial_movement
Lair:6:   wormcave, layout_cave_pods, uniq_kirke
Swamp:1:  layout_falls_marsh, evilmike_swamp_ruin_house_3, swamp_pool1
Swamp:2:  layout_basic_swamp, lemuel_altar_in_water
Swamp:3:  layout_falls_marsh, nicolae_swamp_triple_paths, swamp_pool1,
          infiniplex_staircase_pool
Swamp:4:  swamp_basic_johnstein, layout_basic_swamp, swamp_pool1,
          hangedman_swamp_pad, grunt_ruined_hall
Snake:1:  layout_misc_corridors, hangedman_snake_sidewinding, uniq_aizul,
          uniq_jorgrun, uniq_azrael
Snake:2:  layout_onion, gammafunk_ghost_abyssal_escape, st_stairs_14, drop_trap,
          serial_bayou_pond_c, lightli_airlock, serial_bayou_shore_b
Snake:3:  layout_layer_cave, basic_altar, serial_bayou_lake_a
Snake:4:  grunt_snake_rune_serpentine_throne, layout_cave_town,
          minmay_shop_grove
Slime:1:  layout_caves
Slime:2:  cheibrodos_slime_lost_civilization_9, layout_caves
Slime:3:  layout_caves
Slime:4:  layout_caves
Slime:5
Orc:1:    layout_diamond_mine
Orc:2:    pubby_orc_utopia, uniq_rupert
Elf:1:    layout_geoelf_grid, kennysheep_underground_church, minmay_shoptagon
Elf:2:    layout_loops_cross, portal_ice_cave_entry_pillars_1, serial_shops,
          nicolae_shop_window_shopping, guppyfry_library_mini
Elf:3:    elf_hall_gauntlet_narrow, layout_geoelf_castle
Vaults:1: nicolae_vaults_murderbox, nicolae_vaults_mini_display_case,
          vaults_dpeg_cross, v_rooms_5, nicolae_vaults_circle_grid_a,
          nicolae_vaults_big_ls, vaults_mumra_minichess_inversion,
          ontoclasm_vaults_spin, ontoclasm_vaults_ring_small,
          nicolae_vaults_rhombus_5, ontoclasm_vaults_decontamination,
          grunt_vaults_funnel, layout_vaults_big_cross
Vaults:2: st_greater_box_3, minmay_crypt_entry_vampire_xt, vaults_room_corners,
          v_alt_pattern_3, hangedman_vaults_corner_blocks, grunt_vaults_twisty,
          nicolae_vaults_little_squares_1, v_pattern_3,
          nicolae_vaults_little_squares_3, vaults_room_pools,
          layout_vaults_maze, uniq_margery
Vaults:3: vaults_room_hallway, hangedman_vaults_hat,
          nicolae_vaults_diagonal_hallway_7, st_lattice, hangedman_vaults_trim,
          ontoclasm_vaults_eye, nicolae_vaults_little_squares_2,
          vaults_mumra_lcd, vaults_room_grunt_arrival_ludios,
          layout_vaults_omnigrid, serial_shops, bzr_entry_islet
Vaults:4: v_pattern_4, vaults_room_boxed, grunt_vaults_bifocal, v_misc_18,
          ontoclasm_vaults_ligature, hangedman_vaults_snaps,
          nicolae_vaults_little_squares_6, nicolae_vaults_ring_of_whatevers,
          nicolae_vaults_alarming, nicolae_vaults_sealed_display,
          layout_vaults_chaotic_city, uniq_jory
Crypt:1:  layout_regular_city
Crypt:2:  layout_chaotic_city, lemuel_statue_altar
Crypt:3:  quadcrypt_mu, uniq_frederick
Depths:1: layout_basic, abyss_entry, hangedman_tar_grid_catacomb,
          chequers_jeans, rand_demon_pan_entry_1, kennysheep_generic_room_5
Depths:2: kennysheep_funnel, layout_honeycomb, hangedman_abyss_or_decor_stagger,
          grunt_mini_vestibule, kennysheep_dice, uniq_bai_suzhen, uniq_nikola
Depths:3: dpeg_oklob_gauntlet, layout_honeycomb, enter_ziggurat_a,
          rand_demon_pan_entry_7, hellmouth_1, kennysheep_pointless_box,
          uniq_boris
Depths:4: hourglass_vault, layout_cave_shapes, abyss_entry_small_statue_room,
          minmay_misc_feat_tiny, hangedman_geh_valley, serial_shops,
          bzr_firewalk
Depths:5: grunt_zot_entry_tricorne, layout_cave_shapes, hell_entry,
          grunt_pan_entry_spiral, serial_sigils_hangedman_shear
Zot:1:    layout_gridlike, evilmike_ambush [evilmike_ambush_outer_basic,
          evilmike_ambush_inner_basic], grunt_megastairs_3
Zot:2:    nicolae_moth_party, layout_cathedral_of_symmetry
Zot:3:    layout_gridlike, ebering_ghost_reflecting_pool, grunt_ministairs_1,
          st_grand_hoard_of_tiamat
Zot:4:    layout_concentric_octagons
Zot:5:    layout_misc_corridors
